%YAML 1.1
%TAG !u! tag:unity3d.com,2011:
--- !u!114 &11400000
MonoBehaviour:
  m_ObjectHideFlags: 0
  m_CorrespondingSourceObject: {fileID: 0}
  m_PrefabInternal: {fileID: 0}
  m_GameObject: {fileID: 0}
  m_Enabled: 1
  m_EditorHideFlags: 0
  m_Script: {fileID: 11500000, guid: 0e0c2324a9ab1224ebe3edad393e3544, type: 3}
  m_Name: AP_animateTexture
  m_EditorClassIdentifier: 
  nodes:
  - {fileID: 114675684733393974}
  - {fileID: 114608310732918366}
  - {fileID: 114945273944473756}
  - {fileID: 114582688962262342}
  - {fileID: 114678195495253828}
  - {fileID: 114062038945509054}
  - {fileID: 114004463408828108}
  - {fileID: 114462827812670118}
  - {fileID: 114786793932133332}
  - {fileID: 114777129127389170}
  - {fileID: 114558893299161588}
  - {fileID: 114840169594492380}
  - {fileID: 114687035995215344}
  - {fileID: 114938058007929156}
  - {fileID: 114736356660536414}
  editorStates:
  - {fileID: 114007241162512202}
  livesInScene: 0
--- !u!114 &114004463408828108
MonoBehaviour:
  m_ObjectHideFlags: 1
  m_CorrespondingSourceObject: {fileID: 0}
  m_PrefabInternal: {fileID: 0}
  m_GameObject: {fileID: 0}
  m_Enabled: 1
  m_EditorHideFlags: 0
  m_Script: {fileID: 11500000, guid: da0a24bab1293f04d997dae2ec51c468, type: 3}
  m_Name: Build Shader
  m_EditorClassIdentifier: 
  rect:
    serializedVersion: 2
    x: 1082.4
    y: -293.6
    width: 300
    height: 400
  nodeKnobs:
  - {fileID: 114386721894863452}
  Inputs:
  - {fileID: 114386721894863452}
  Outputs: []
  BuildErrorFlag: 0
  BuildLightningSupport: 0
--- !u!114 &114006241590993866
MonoBehaviour:
  m_ObjectHideFlags: 1
  m_CorrespondingSourceObject: {fileID: 0}
  m_PrefabInternal: {fileID: 0}
  m_GameObject: {fileID: 0}
  m_Enabled: 1
  m_EditorHideFlags: 0
  m_Script: {fileID: 11500000, guid: 4caff27366054dd44a30ddb5be369acc, type: 3}
  m_Name: R
  m_EditorClassIdentifier: 
  body: {fileID: 114582688962262342}
  side: 4
  sidePosition: 52.5
  sideOffset: 0
  connection: {fileID: 114096078367374142}
  typeID: SuperFloat
--- !u!114 &114007241162512202
MonoBehaviour:
  m_ObjectHideFlags: 1
  m_CorrespondingSourceObject: {fileID: 0}
  m_PrefabInternal: {fileID: 0}
  m_GameObject: {fileID: 0}
  m_Enabled: 1
  m_EditorHideFlags: 0
  m_Script: {fileID: 11500000, guid: f6ab6487237ff124ea4c2aa5de9ce3fb, type: 3}
  m_Name: MainEditorState
  m_EditorClassIdentifier: 
  canvas: {fileID: 11400000}
  parentEditor: {fileID: 0}
  drawing: 1
  selectedNode: {fileID: 114736356660536414}
  LivePreviewShaderPath: Assets/Shader/PHOENIX_SHADER/AP_AnimateTexture.shader
  ShaderName: AP_AnimateTexture
  ShaderInMemory: {fileID: 4800000, guid: 948ad843ecd2a6d43899771ecdcd5f36, type: 3}
  panOffset: {x: 321.3993, y: -119.39933}
  zoom: 2
--- !u!114 &114014200149994358
MonoBehaviour:
  m_ObjectHideFlags: 1
  m_CorrespondingSourceObject: {fileID: 0}
  m_PrefabInternal: {fileID: 0}
  m_GameObject: {fileID: 0}
  m_Enabled: 1
  m_EditorHideFlags: 0
  m_Script: {fileID: 11500000, guid: 4caff27366054dd44a30ddb5be369acc, type: 3}
  m_Name: RGBA
  m_EditorClassIdentifier: 
  body: {fileID: 114938058007929156}
  side: 4
  sidePosition: 123.5
  sideOffset: 0
  connection: {fileID: 114287578560604374}
  typeID: SuperFloat4
--- !u!114 &114021614317056768
MonoBehaviour:
  m_ObjectHideFlags: 1
  m_CorrespondingSourceObject: {fileID: 0}
  m_PrefabInternal: {fileID: 0}
  m_GameObject: {fileID: 0}
  m_Enabled: 1
  m_EditorHideFlags: 0
  m_Script: {fileID: 11500000, guid: 42e7026d0da7df848ab67d517ac12d74, type: 3}
  m_Name: B
  m_EditorClassIdentifier: 
  body: {fileID: 114786793932133332}
  side: 2
  sidePosition: 94.5
  sideOffset: 0
  connections: []
  typeID: SuperFloat
  calculationBlockade: 0
--- !u!114 &114062038945509054
MonoBehaviour:
  m_ObjectHideFlags: 1
  m_CorrespondingSourceObject: {fileID: 0}
  m_PrefabInternal: {fileID: 0}
  m_GameObject: {fileID: 0}
  m_Enabled: 1
  m_EditorHideFlags: 0
  m_Script: {fileID: 11500000, guid: 8197a035d786cc24498d3fd000cf7a10, type: 3}
  m_Name: Mask with Channel
  m_EditorClassIdentifier: 
  rect:
    serializedVersion: 2
    x: 782.60077
    y: -316.20068
    width: 172
    height: 220
  nodeKnobs:
  - {fileID: 114081616527808290}
  - {fileID: 114119724512822742}
  - {fileID: 114951036644461206}
  Inputs:
  - {fileID: 114081616527808290}
  - {fileID: 114119724512822742}
  Outputs:
  - {fileID: 114951036644461206}
  Variable: 0
  parametersOK: 1
  Include_RGBA_Alpha: 0
  MemoCount: 2
--- !u!114 &114081616527808290
MonoBehaviour:
  m_ObjectHideFlags: 1
  m_CorrespondingSourceObject: {fileID: 0}
  m_PrefabInternal: {fileID: 0}
  m_GameObject: {fileID: 0}
  m_Enabled: 1
  m_EditorHideFlags: 0
  m_Script: {fileID: 11500000, guid: 4caff27366054dd44a30ddb5be369acc, type: 3}
  m_Name: RGBA
  m_EditorClassIdentifier: 
  body: {fileID: 114062038945509054}
  side: 4
  sidePosition: 102.5
  sideOffset: 0
  connection: {fileID: 114113967635780916}
  typeID: SuperFloat4
--- !u!114 &114096078367374142
MonoBehaviour:
  m_ObjectHideFlags: 1
  m_CorrespondingSourceObject: {fileID: 0}
  m_PrefabInternal: {fileID: 0}
  m_GameObject: {fileID: 0}
  m_Enabled: 1
  m_EditorHideFlags: 0
  m_Script: {fileID: 11500000, guid: 42e7026d0da7df848ab67d517ac12d74, type: 3}
  m_Name: R
  m_EditorClassIdentifier: 
  body: {fileID: 114678195495253828}
  side: 2
  sidePosition: 52.5
  sideOffset: 0
  connections:
  - {fileID: 114006241590993866}
  typeID: SuperFloat
  calculationBlockade: 0
--- !u!114 &114113967635780916
MonoBehaviour:
  m_ObjectHideFlags: 1
  m_CorrespondingSourceObject: {fileID: 0}
  m_PrefabInternal: {fileID: 0}
  m_GameObject: {fileID: 0}
  m_Enabled: 1
  m_EditorHideFlags: 0
  m_Script: {fileID: 11500000, guid: 42e7026d0da7df848ab67d517ac12d74, type: 3}
  m_Name: RGBA
  m_EditorClassIdentifier: 
  body: {fileID: 114558893299161588}
  side: 2
  sidePosition: 102.5
  sideOffset: 0
  connections:
  - {fileID: 114081616527808290}
  typeID: SuperFloat4
  calculationBlockade: 0
--- !u!114 &114119724512822742
MonoBehaviour:
  m_ObjectHideFlags: 1
  m_CorrespondingSourceObject: {fileID: 0}
  m_PrefabInternal: {fileID: 0}
  m_GameObject: {fileID: 0}
  m_Enabled: 1
  m_EditorHideFlags: 0
  m_Script: {fileID: 11500000, guid: 4caff27366054dd44a30ddb5be369acc, type: 3}
  m_Name: Channel/Alpha
  m_EditorClassIdentifier: 
  body: {fileID: 114062038945509054}
  side: 4
  sidePosition: 123.5
  sideOffset: 0
  connection: {fileID: 114234535336090602}
  typeID: SuperFloat
--- !u!114 &114198054684003150
MonoBehaviour:
  m_ObjectHideFlags: 1
  m_CorrespondingSourceObject: {fileID: 0}
  m_PrefabInternal: {fileID: 0}
  m_GameObject: {fileID: 0}
  m_Enabled: 1
  m_EditorHideFlags: 0
  m_Script: {fileID: 11500000, guid: 42e7026d0da7df848ab67d517ac12d74, type: 3}
  m_Name: A
  m_EditorClassIdentifier: 
  body: {fileID: 114786793932133332}
  side: 2
  sidePosition: 115.5
  sideOffset: 0
  connections:
  - {fileID: 114663366995167690}
  typeID: SuperFloat
  calculationBlockade: 0
--- !u!114 &114202543735737456
MonoBehaviour:
  m_ObjectHideFlags: 1
  m_CorrespondingSourceObject: {fileID: 0}
  m_PrefabInternal: {fileID: 0}
  m_GameObject: {fileID: 0}
  m_Enabled: 1
  m_EditorHideFlags: 0
  m_Script: {fileID: 11500000, guid: 4caff27366054dd44a30ddb5be369acc, type: 3}
  m_Name: RGBA
  m_EditorClassIdentifier: 
  body: {fileID: 114558893299161588}
  side: 4
  sidePosition: 102.5
  sideOffset: 0
  connection: {fileID: 114495755550654746}
  typeID: SuperFloat4
--- !u!114 &114225492574713898
MonoBehaviour:
  m_ObjectHideFlags: 1
  m_CorrespondingSourceObject: {fileID: 0}
  m_PrefabInternal: {fileID: 0}
  m_GameObject: {fileID: 0}
  m_Enabled: 1
  m_EditorHideFlags: 0
  m_Script: {fileID: 11500000, guid: 4caff27366054dd44a30ddb5be369acc, type: 3}
  m_Name: UV
  m_EditorClassIdentifier: 
  body: {fileID: 114777129127389170}
  side: 4
  sidePosition: 52.5
  sideOffset: 0
  connection: {fileID: 114682562062586350}
  typeID: SuperFloat2
--- !u!114 &114234535336090602
MonoBehaviour:
  m_ObjectHideFlags: 1
  m_CorrespondingSourceObject: {fileID: 0}
  m_PrefabInternal: {fileID: 0}
  m_GameObject: {fileID: 0}
  m_Enabled: 1
  m_EditorHideFlags: 0
  m_Script: {fileID: 11500000, guid: 42e7026d0da7df848ab67d517ac12d74, type: 3}
  m_Name: A
  m_EditorClassIdentifier: 
  body: {fileID: 114678195495253828}
  side: 2
  sidePosition: 115.5
  sideOffset: 0
  connections:
  - {fileID: 114119724512822742}
  typeID: SuperFloat
  calculationBlockade: 0
--- !u!114 &114280250572737454
MonoBehaviour:
  m_ObjectHideFlags: 1
  m_CorrespondingSourceObject: {fileID: 0}
  m_PrefabInternal: {fileID: 0}
  m_GameObject: {fileID: 0}
  m_Enabled: 1
  m_EditorHideFlags: 0
  m_Script: {fileID: 11500000, guid: 42e7026d0da7df848ab67d517ac12d74, type: 3}
  m_Name: RGBA
  m_EditorClassIdentifier: 
  body: {fileID: 114945273944473756}
  side: 2
  sidePosition: 52.5
  sideOffset: 0
  connections:
  - {fileID: 114709465724960304}
  - {fileID: 114640570353346970}
  typeID: SuperFloat4
  calculationBlockade: 0
--- !u!114 &114287578560604374
MonoBehaviour:
  m_ObjectHideFlags: 1
  m_CorrespondingSourceObject: {fileID: 0}
  m_PrefabInternal: {fileID: 0}
  m_GameObject: {fileID: 0}
  m_Enabled: 1
  m_EditorHideFlags: 0
  m_Script: {fileID: 11500000, guid: 42e7026d0da7df848ab67d517ac12d74, type: 3}
  m_Name: RGBA
  m_EditorClassIdentifier: 
  body: {fileID: 114777129127389170}
  side: 2
  sidePosition: 52.5
  sideOffset: 0
  connections:
  - {fileID: 114014200149994358}
  typeID: SuperFloat4
  calculationBlockade: 0
--- !u!114 &114294313056126842
MonoBehaviour:
  m_ObjectHideFlags: 1
  m_CorrespondingSourceObject: {fileID: 0}
  m_PrefabInternal: {fileID: 0}
  m_GameObject: {fileID: 0}
  m_Enabled: 1
  m_EditorHideFlags: 0
  m_Script: {fileID: 11500000, guid: 42e7026d0da7df848ab67d517ac12d74, type: 3}
  m_Name: R
  m_EditorClassIdentifier: 
  body: {fileID: 114786793932133332}
  side: 2
  sidePosition: 52.5
  sideOffset: 0
  connections: []
  typeID: SuperFloat
  calculationBlockade: 0
--- !u!114 &114300024662015926
MonoBehaviour:
  m_ObjectHideFlags: 1
  m_CorrespondingSourceObject: {fileID: 0}
  m_PrefabInternal: {fileID: 0}
  m_GameObject: {fileID: 0}
  m_Enabled: 1
  m_EditorHideFlags: 0
  m_Script: {fileID: 11500000, guid: 42e7026d0da7df848ab67d517ac12d74, type: 3}
  m_Name: RGBA
  m_EditorClassIdentifier: 
  body: {fileID: 114687035995215344}
  side: 2
  sidePosition: 52.5
  sideOffset: 0
  connections:
  - {fileID: 114710477621952064}
  typeID: SuperFloat4
  calculationBlockade: 0
--- !u!114 &114364644038420942
MonoBehaviour:
  m_ObjectHideFlags: 1
  m_CorrespondingSourceObject: {fileID: 0}
  m_PrefabInternal: {fileID: 0}
  m_GameObject: {fileID: 0}
  m_Enabled: 1
  m_EditorHideFlags: 0
  m_Script: {fileID: 11500000, guid: 4caff27366054dd44a30ddb5be369acc, type: 3}
  m_Name: A
  m_EditorClassIdentifier: 
  body: {fileID: 114582688962262342}
  side: 4
  sidePosition: 115.5
  sideOffset: 0
  connection: {fileID: 0}
  typeID: SuperFloat
--- !u!114 &114384417913091582
MonoBehaviour:
  m_ObjectHideFlags: 1
  m_CorrespondingSourceObject: {fileID: 0}
  m_PrefabInternal: {fileID: 0}
  m_GameObject: {fileID: 0}
  m_Enabled: 1
  m_EditorHideFlags: 0
  m_Script: {fileID: 11500000, guid: 42e7026d0da7df848ab67d517ac12d74, type: 3}
  m_Name: G
  m_EditorClassIdentifier: 
  body: {fileID: 114678195495253828}
  side: 2
  sidePosition: 73.5
  sideOffset: 0
  connections:
  - {fileID: 114773629093418634}
  typeID: SuperFloat
  calculationBlockade: 0
--- !u!114 &114386721894863452
MonoBehaviour:
  m_ObjectHideFlags: 1
  m_CorrespondingSourceObject: {fileID: 0}
  m_PrefabInternal: {fileID: 0}
  m_GameObject: {fileID: 0}
  m_Enabled: 1
  m_EditorHideFlags: 0
  m_Script: {fileID: 11500000, guid: 4caff27366054dd44a30ddb5be369acc, type: 3}
  m_Name: RGBA
  m_EditorClassIdentifier: 
  body: {fileID: 114004463408828108}
  side: 4
  sidePosition: 52.5
  sideOffset: 0
  connection: {fileID: 114951036644461206}
  typeID: SuperFloat4
--- !u!114 &114403497213343524
MonoBehaviour:
  m_ObjectHideFlags: 1
  m_CorrespondingSourceObject: {fileID: 0}
  m_PrefabInternal: {fileID: 0}
  m_GameObject: {fileID: 0}
  m_Enabled: 1
  m_EditorHideFlags: 0
  m_Script: {fileID: 11500000, guid: 4caff27366054dd44a30ddb5be369acc, type: 3}
  m_Name: RGBA
  m_EditorClassIdentifier: 
  body: {fileID: 114558893299161588}
  side: 4
  sidePosition: 123.5
  sideOffset: 0
  connection: {fileID: 114812414591085434}
  typeID: SuperFloat4
--- !u!114 &114462827812670118
MonoBehaviour:
  m_ObjectHideFlags: 1
  m_CorrespondingSourceObject: {fileID: 0}
  m_PrefabInternal: {fileID: 0}
  m_GameObject: {fileID: 0}
  m_Enabled: 1
  m_EditorHideFlags: 0
  m_Script: {fileID: 11500000, guid: c27b9a5c05a327b429e00e673cb560ea, type: 3}
  m_Name: New Texture
  m_EditorClassIdentifier: 
  rect:
    serializedVersion: 2
    x: -1212.8
    y: -200.40001
    width: 150
    height: 210
  nodeKnobs:
  - {fileID: 114997355937281708}
  - {fileID: 114805877224828184}
  Inputs:
  - {fileID: 114997355937281708}
  Outputs:
  - {fileID: 114805877224828184}
  tex: {fileID: 2800000, guid: c9323b98cc359ad4fab88eeea5bde9d4, type: 3}
  MemoCount: 3
--- !u!114 &114495755550654746
MonoBehaviour:
  m_ObjectHideFlags: 1
  m_CorrespondingSourceObject: {fileID: 0}
  m_PrefabInternal: {fileID: 0}
  m_GameObject: {fileID: 0}
  m_Enabled: 1
  m_EditorHideFlags: 0
  m_Script: {fileID: 11500000, guid: 42e7026d0da7df848ab67d517ac12d74, type: 3}
  m_Name: RGBA
  m_EditorClassIdentifier: 
  body: {fileID: 114840169594492380}
  side: 2
  sidePosition: 52.5
  sideOffset: 0
  connections:
  - {fileID: 114202543735737456}
  typeID: SuperFloat4
  calculationBlockade: 0
--- !u!114 &114510787913182636
MonoBehaviour:
  m_ObjectHideFlags: 1
  m_CorrespondingSourceObject: {fileID: 0}
  m_PrefabInternal: {fileID: 0}
  m_GameObject: {fileID: 0}
  m_Enabled: 1
  m_EditorHideFlags: 0
  m_Script: {fileID: 11500000, guid: 42e7026d0da7df848ab67d517ac12d74, type: 3}
  m_Name: RGBA
  m_EditorClassIdentifier: 
  body: {fileID: 114582688962262342}
  side: 2
  sidePosition: 52.5
  sideOffset: 0
  connections:
  - {fileID: 114828820933660276}
  typeID: SuperFloat4
  calculationBlockade: 0
--- !u!114 &114531295734166812
MonoBehaviour:
  m_ObjectHideFlags: 1
  m_CorrespondingSourceObject: {fileID: 0}
  m_PrefabInternal: {fileID: 0}
  m_GameObject: {fileID: 0}
  m_Enabled: 1
  m_EditorHideFlags: 0
  m_Script: {fileID: 11500000, guid: 4caff27366054dd44a30ddb5be369acc, type: 3}
  m_Name: B
  m_EditorClassIdentifier: 
  body: {fileID: 114582688962262342}
  side: 4
  sidePosition: 94.5
  sideOffset: 0
  connection: {fileID: 114703636445597472}
  typeID: SuperFloat
--- !u!114 &114558893299161588
MonoBehaviour:
  m_ObjectHideFlags: 1
  m_CorrespondingSourceObject: {fileID: 0}
  m_PrefabInternal: {fileID: 0}
  m_GameObject: {fileID: 0}
  m_Enabled: 1
  m_EditorHideFlags: 0
  m_Script: {fileID: 11500000, guid: bc273d7946aa1864eb8a6d5627accc35, type: 3}
  m_Name: Blend = A with B
  m_EditorClassIdentifier: 
  rect:
    serializedVersion: 2
    x: 485.80078
    y: -174.60071
    width: 172
    height: 250
  nodeKnobs:
  - {fileID: 114202543735737456}
  - {fileID: 114403497213343524}
  - {fileID: 114113967635780916}
  Inputs:
  - {fileID: 114202543735737456}
  - {fileID: 114403497213343524}
  Outputs:
  - {fileID: 114113967635780916}
  Variable: 1
  SwapRGBA: 0
  parametersOK: 0
  MemoCount: 1
--- !u!114 &114582688962262342
MonoBehaviour:
  m_ObjectHideFlags: 1
  m_CorrespondingSourceObject: {fileID: 0}
  m_PrefabInternal: {fileID: 0}
  m_GameObject: {fileID: 0}
  m_Enabled: 1
  m_EditorHideFlags: 0
  m_Script: {fileID: 11500000, guid: 56e77a783f8fb77459ba52340b7b1c38, type: 3}
  m_Name: 'Channels

    2 RGBA'
  m_EditorClassIdentifier: 
  rect:
    serializedVersion: 2
    x: -276.5993
    y: -545.2007
    width: 130
    height: 140
  nodeKnobs:
  - {fileID: 114006241590993866}
  - {fileID: 114773629093418634}
  - {fileID: 114531295734166812}
  - {fileID: 114364644038420942}
  - {fileID: 114510787913182636}
  Inputs:
  - {fileID: 114006241590993866}
  - {fileID: 114773629093418634}
  - {fileID: 114531295734166812}
  - {fileID: 114364644038420942}
  Outputs:
  - {fileID: 114510787913182636}
  Variable: 1
  MemoCount: 1
--- !u!114 &114608310732918366
MonoBehaviour:
  m_ObjectHideFlags: 1
  m_CorrespondingSourceObject: {fileID: 0}
  m_PrefabInternal: {fileID: 0}
  m_GameObject: {fileID: 0}
  m_Enabled: 1
  m_EditorHideFlags: 0
  m_Script: {fileID: 11500000, guid: 8197a035d786cc24498d3fd000cf7a10, type: 3}
  m_Name: Mask with Channel
  m_EditorClassIdentifier: 
  rect:
    serializedVersion: 2
    x: -528.59955
    y: -262.4007
    width: 172
    height: 220
  nodeKnobs:
  - {fileID: 114709465724960304}
  - {fileID: 114663366995167690}
  - {fileID: 114639982114707236}
  Inputs:
  - {fileID: 114709465724960304}
  - {fileID: 114663366995167690}
  Outputs:
  - {fileID: 114639982114707236}
  Variable: 0
  parametersOK: 0
  Include_RGBA_Alpha: 1
  MemoCount: 1
--- !u!114 &114639982114707236
MonoBehaviour:
  m_ObjectHideFlags: 1
  m_CorrespondingSourceObject: {fileID: 0}
  m_PrefabInternal: {fileID: 0}
  m_GameObject: {fileID: 0}
  m_Enabled: 1
  m_EditorHideFlags: 0
  m_Script: {fileID: 11500000, guid: 42e7026d0da7df848ab67d517ac12d74, type: 3}
  m_Name: RGBA
  m_EditorClassIdentifier: 
  body: {fileID: 114608310732918366}
  side: 2
  sidePosition: 102.5
  sideOffset: 0
  connections:
  - {fileID: 114739354230593386}
  typeID: SuperFloat4
  calculationBlockade: 0
--- !u!114 &114640570353346970
MonoBehaviour:
  m_ObjectHideFlags: 1
  m_CorrespondingSourceObject: {fileID: 0}
  m_PrefabInternal: {fileID: 0}
  m_GameObject: {fileID: 0}
  m_Enabled: 1
  m_EditorHideFlags: 0
  m_Script: {fileID: 11500000, guid: 4caff27366054dd44a30ddb5be369acc, type: 3}
  m_Name: RGBA
  m_EditorClassIdentifier: 
  body: {fileID: 114678195495253828}
  side: 4
  sidePosition: 52.5
  sideOffset: 0
  connection: {fileID: 114280250572737454}
  typeID: SuperFloat4
--- !u!114 &114663366995167690
MonoBehaviour:
  m_ObjectHideFlags: 1
  m_CorrespondingSourceObject: {fileID: 0}
  m_PrefabInternal: {fileID: 0}
  m_GameObject: {fileID: 0}
  m_Enabled: 1
  m_EditorHideFlags: 0
  m_Script: {fileID: 11500000, guid: 4caff27366054dd44a30ddb5be369acc, type: 3}
  m_Name: Channel/Alpha
  m_EditorClassIdentifier: 
  body: {fileID: 114608310732918366}
  side: 4
  sidePosition: 123.5
  sideOffset: 0
  connection: {fileID: 114198054684003150}
  typeID: SuperFloat
--- !u!114 &114675684733393974
MonoBehaviour:
  m_ObjectHideFlags: 1
  m_CorrespondingSourceObject: {fileID: 0}
  m_PrefabInternal: {fileID: 0}
  m_GameObject: {fileID: 0}
  m_Enabled: 1
  m_EditorHideFlags: 0
  m_Script: {fileID: 11500000, guid: 7ecfaef6fb7cee147a4a05e29d4e5f04, type: 3}
  m_Name: Animated Twist UV
  m_EditorClassIdentifier: 
  rect:
    serializedVersion: 2
    x: -1044.1995
    y: 126.79981
    width: 172
    height: 380
  nodeKnobs:
  - {fileID: 114721957885920752}
  - {fileID: 114682562062586350}
  Inputs:
  - {fileID: 114721957885920752}
  Outputs:
  - {fileID: 114682562062586350}
  Variable: 0.382
  Variable2: 0.5
  Variable3: 0.5
  Variable4: 0.686
  Variable5: 2.393
  AddParameters: 1
  MemoCount: 1
--- !u!114 &114677796731502206
MonoBehaviour:
  m_ObjectHideFlags: 1
  m_CorrespondingSourceObject: {fileID: 0}
  m_PrefabInternal: {fileID: 0}
  m_GameObject: {fileID: 0}
  m_Enabled: 1
  m_EditorHideFlags: 0
  m_Script: {fileID: 11500000, guid: 4caff27366054dd44a30ddb5be369acc, type: 3}
  m_Name: RGBA
  m_EditorClassIdentifier: 
  body: {fileID: 114786793932133332}
  side: 4
  sidePosition: 52.5
  sideOffset: 0
  connection: {fileID: 114805877224828184}
  typeID: SuperFloat4
--- !u!114 &114678195495253828
MonoBehaviour:
  m_ObjectHideFlags: 1
  m_CorrespondingSourceObject: {fileID: 0}
  m_PrefabInternal: {fileID: 0}
  m_GameObject: {fileID: 0}
  m_Enabled: 1
  m_EditorHideFlags: 0
  m_Script: {fileID: 11500000, guid: 249c474a0f376e347b21f714f43f3a15, type: 3}
  m_Name: 'RGBA

    2 Channels'
  m_EditorClassIdentifier: 
  rect:
    serializedVersion: 2
    x: -556.19934
    y: -544.2007
    width: 130
    height: 140
  nodeKnobs:
  - {fileID: 114640570353346970}
  - {fileID: 114096078367374142}
  - {fileID: 114384417913091582}
  - {fileID: 114703636445597472}
  - {fileID: 114234535336090602}
  Inputs:
  - {fileID: 114640570353346970}
  Outputs:
  - {fileID: 114096078367374142}
  - {fileID: 114384417913091582}
  - {fileID: 114703636445597472}
  - {fileID: 114234535336090602}
  Variable: 1
  MemoCount: 2
--- !u!114 &114682562062586350
MonoBehaviour:
  m_ObjectHideFlags: 1
  m_CorrespondingSourceObject: {fileID: 0}
  m_PrefabInternal: {fileID: 0}
  m_GameObject: {fileID: 0}
  m_Enabled: 1
  m_EditorHideFlags: 0
  m_Script: {fileID: 11500000, guid: 42e7026d0da7df848ab67d517ac12d74, type: 3}
  m_Name: UV
  m_EditorClassIdentifier: 
  body: {fileID: 114675684733393974}
  side: 2
  sidePosition: 102.5
  sideOffset: 0
  connections:
  - {fileID: 114225492574713898}
  typeID: SuperFloat2
  calculationBlockade: 0
--- !u!114 &114687035995215344
MonoBehaviour:
  m_ObjectHideFlags: 1
  m_CorrespondingSourceObject: {fileID: 0}
  m_PrefabInternal: {fileID: 0}
  m_GameObject: {fileID: 0}
  m_Enabled: 1
  m_EditorHideFlags: 0
  m_Script: {fileID: 11500000, guid: 245ba0f541aeffa4abb5938641b07509, type: 3}
  m_Name: Preview Texture
  m_EditorClassIdentifier: 
  rect:
    serializedVersion: 2
    x: -251.79935
    y: -136.0007
    width: 168
    height: 253
  nodeKnobs:
  - {fileID: 114739354230593386}
  - {fileID: 114300024662015926}
  Inputs:
  - {fileID: 114739354230593386}
  Outputs:
  - {fileID: 114300024662015926}
  result: '//////////////////////////////////////////////////////////////

    /// Shadero Sprite: Sprite Shader Editor - by VETASOFT 2018 //

    /// Shader generate with Shadero 1.9.0                      //

    /// http://u3d.as/V7t #AssetStore                           //

    /// http://www.shadero.com #Docs                            //

    //////////////////////////////////////////////////////////////


    Shader "Shadero Previews/PreviewXATXQ1"

    {

    Properties

    {

    [PerRendererData] _MainTex("Sprite Texture", 2D) = "white" {}

    _NewTex_2("NewTex_2(RGB)", 2D) = "white" { }

    _NewTex_3("NewTex_3(RGB)", 2D) = "white" { }

    _MaskChannel_Fade_1("_MaskChannel_Fade_1", Range(0, 1)) = 0

    _SpriteFade("SpriteFade", Range(0, 1)) = 1.0


    // required for UI.Mask

    [HideInInspector]_StencilComp("Stencil Comparison", Float) = 8

    [HideInInspector]_Stencil("Stencil ID", Float) = 0

    [HideInInspector]_StencilOp("Stencil Operation", Float) = 0

    [HideInInspector]_StencilWriteMask("Stencil Write Mask", Float) = 255

    [HideInInspector]_StencilReadMask("Stencil Read Mask", Float) = 255

    [HideInInspector]_ColorMask("Color Mask", Float) = 15


    }


    SubShader

    {


    Tags {"Queue" = "Transparent" "IgnoreProjector" = "true" "RenderType" = "Transparent"
    "PreviewType"="Plane" "CanUseSpriteAtlas"="True" }

    ZWrite Off Blend SrcAlpha OneMinusSrcAlpha Cull Off


    // required for UI.Mask

    Stencil

    {

    Ref [_Stencil]

    Comp [_StencilComp]

    Pass [_StencilOp]

    ReadMask [_StencilReadMask]

    WriteMask [_StencilWriteMask]

    }


    Pass

    {


    CGPROGRAM

    #pragma vertex vert

    #pragma fragment frag

    #pragma fragmentoption ARB_precision_hint_fastest

    #include "UnityCG.cginc"


    struct appdata_t{

    float4 vertex   : POSITION;

    float4 color    : COLOR;

    float2 texcoord : TEXCOORD0;

    };


    struct v2f

    {

    float2 texcoord  : TEXCOORD0;

    float4 vertex   : SV_POSITION;

    float4 color    : COLOR;

    };


    sampler2D _MainTex;

    float _SpriteFade;

    sampler2D _NewTex_2;

    sampler2D _NewTex_3;

    float _MaskChannel_Fade_1;


    v2f vert(appdata_t IN)

    {

    v2f OUT;

    OUT.vertex = UnityObjectToClipPos(IN.vertex);

    OUT.texcoord = IN.texcoord;

    OUT.color = IN.color;

    return OUT;

    }



    float2 AnimatedTwistUV(float2 uv, float value, float posx, float posy, float radius,
    float speed)

    {

    float2 center = float2(posx, posy);

    float2 tc = uv - center;

    float dist = length(tc);

    if (dist < radius)

    {

    float percent = (radius - dist) / radius;

    float theta = percent * percent * 16.0 * sin(value);

    float s = sin(theta + _Time.y * speed);

    float c = cos(theta + _Time.y * speed);

    tc = float2(dot(tc, float2(c, -s)), dot(tc, float2(s, c)));

    }

    tc += center;

    return tc;

    }

    float4 frag (v2f i) : COLOR

    {

    float4 NewTex_2 = tex2D(_NewTex_2, i.texcoord);

    float4 NewTex_3 = tex2D(_NewTex_3, i.texcoord);

    float4 RGBASplit_1 = NewTex_3;

    NewTex_2.a = lerp(RGBASplit_1.a * NewTex_2.a, (1 - RGBASplit_1.a) * NewTex_2.a,_MaskChannel_Fade_1);

    float4 FinalResult = NewTex_2;

    FinalResult.rgb *= i.color.rgb;

    FinalResult.a = FinalResult.a * _SpriteFade * i.color.a;

    return FinalResult;

    }


    ENDCG

    }

    }

    Fallback "Sprites/Default"

    }

'
  backpreview: 0
  ShaderString: Shadero Previews/PreviewXATXQ1
--- !u!114 &114703636445597472
MonoBehaviour:
  m_ObjectHideFlags: 1
  m_CorrespondingSourceObject: {fileID: 0}
  m_PrefabInternal: {fileID: 0}
  m_GameObject: {fileID: 0}
  m_Enabled: 1
  m_EditorHideFlags: 0
  m_Script: {fileID: 11500000, guid: 42e7026d0da7df848ab67d517ac12d74, type: 3}
  m_Name: B
  m_EditorClassIdentifier: 
  body: {fileID: 114678195495253828}
  side: 2
  sidePosition: 94.5
  sideOffset: 0
  connections:
  - {fileID: 114531295734166812}
  typeID: SuperFloat
  calculationBlockade: 0
--- !u!114 &114709465724960304
MonoBehaviour:
  m_ObjectHideFlags: 1
  m_CorrespondingSourceObject: {fileID: 0}
  m_PrefabInternal: {fileID: 0}
  m_GameObject: {fileID: 0}
  m_Enabled: 1
  m_EditorHideFlags: 0
  m_Script: {fileID: 11500000, guid: 4caff27366054dd44a30ddb5be369acc, type: 3}
  m_Name: RGBA
  m_EditorClassIdentifier: 
  body: {fileID: 114608310732918366}
  side: 4
  sidePosition: 102.5
  sideOffset: 0
  connection: {fileID: 114280250572737454}
  typeID: SuperFloat4
--- !u!114 &114710477621952064
MonoBehaviour:
  m_ObjectHideFlags: 1
  m_CorrespondingSourceObject: {fileID: 0}
  m_PrefabInternal: {fileID: 0}
  m_GameObject: {fileID: 0}
  m_Enabled: 1
  m_EditorHideFlags: 0
  m_Script: {fileID: 11500000, guid: 4caff27366054dd44a30ddb5be369acc, type: 3}
  m_Name: RGBA
  m_EditorClassIdentifier: 
  body: {fileID: 114938058007929156}
  side: 4
  sidePosition: 102.5
  sideOffset: 0
  connection: {fileID: 114300024662015926}
  typeID: SuperFloat4
--- !u!114 &114721957885920752
MonoBehaviour:
  m_ObjectHideFlags: 1
  m_CorrespondingSourceObject: {fileID: 0}
  m_PrefabInternal: {fileID: 0}
  m_GameObject: {fileID: 0}
  m_Enabled: 1
  m_EditorHideFlags: 0
  m_Script: {fileID: 11500000, guid: 4caff27366054dd44a30ddb5be369acc, type: 3}
  m_Name: UV
  m_EditorClassIdentifier: 
  body: {fileID: 114675684733393974}
  side: 4
  sidePosition: 102.5
  sideOffset: 0
  connection: {fileID: 0}
  typeID: SuperFloat2
--- !u!114 &114736356660536414
MonoBehaviour:
  m_ObjectHideFlags: 1
  m_CorrespondingSourceObject: {fileID: 0}
  m_PrefabInternal: {fileID: 0}
  m_GameObject: {fileID: 0}
  m_Enabled: 1
  m_EditorHideFlags: 0
  m_Script: {fileID: 11500000, guid: 245ba0f541aeffa4abb5938641b07509, type: 3}
  m_Name: Preview Texture
  m_EditorClassIdentifier: 
  rect:
    serializedVersion: 2
    x: 252.60066
    y: 161.79921
    width: 168
    height: 253
  nodeKnobs:
  - {fileID: 114795980325867514}
  - {fileID: 114812414591085434}
  Inputs:
  - {fileID: 114795980325867514}
  Outputs:
  - {fileID: 114812414591085434}
  result: '//////////////////////////////////////////////////////////////

    /// Shadero Sprite: Sprite Shader Editor - by VETASOFT 2018 //

    /// Shader generate with Shadero 1.9.0                      //

    /// http://u3d.as/V7t #AssetStore                           //

    /// http://www.shadero.com #Docs                            //

    //////////////////////////////////////////////////////////////


    Shader "Shadero Previews/PreviewXATXQ2"

    {

    Properties

    {

    [PerRendererData] _MainTex("Sprite Texture", 2D) = "white" {}

    _NewTex_2("NewTex_2(RGB)", 2D) = "white" { }

    _NewTex_3("NewTex_3(RGB)", 2D) = "white" { }

    _MaskChannel_Fade_1("_MaskChannel_Fade_1", Range(0, 1)) = 0

    AnimatedTwistUV_AnimatedTwistUV_Bend_1("AnimatedTwistUV_AnimatedTwistUV_Bend_1",
    Range(-1, 1)) = 0.382

    AnimatedTwistUV_AnimatedTwistUV_PosX_1("AnimatedTwistUV_AnimatedTwistUV_PosX_1",
    Range(-1, 2)) = 0.5

    AnimatedTwistUV_AnimatedTwistUV_PosY_1("AnimatedTwistUV_AnimatedTwistUV_PosY_1",
    Range(-1, 2)) = 0.5

    AnimatedTwistUV_AnimatedTwistUV_Radius_1("AnimatedTwistUV_AnimatedTwistUV_Radius_1",
    Range(0, 1)) = 0.686

    AnimatedTwistUV_AnimatedTwistUV_Speed_1("AnimatedTwistUV_AnimatedTwistUV_Speed_1",
    Range(-10, 10)) = 2.393

    _NewTex_1("NewTex_1(RGB)", 2D) = "white" { }

    _Add_Fade_1("_Add_Fade_1", Range(0, 4)) = 0.2

    _SpriteFade("SpriteFade", Range(0, 1)) = 1.0


    // required for UI.Mask

    [HideInInspector]_StencilComp("Stencil Comparison", Float) = 8

    [HideInInspector]_Stencil("Stencil ID", Float) = 0

    [HideInInspector]_StencilOp("Stencil Operation", Float) = 0

    [HideInInspector]_StencilWriteMask("Stencil Write Mask", Float) = 255

    [HideInInspector]_StencilReadMask("Stencil Read Mask", Float) = 255

    [HideInInspector]_ColorMask("Color Mask", Float) = 15


    }


    SubShader

    {


    Tags {"Queue" = "Transparent" "IgnoreProjector" = "true" "RenderType" = "Transparent"
    "PreviewType"="Plane" "CanUseSpriteAtlas"="True" }

    ZWrite Off Blend SrcAlpha OneMinusSrcAlpha Cull Off


    // required for UI.Mask

    Stencil

    {

    Ref [_Stencil]

    Comp [_StencilComp]

    Pass [_StencilOp]

    ReadMask [_StencilReadMask]

    WriteMask [_StencilWriteMask]

    }


    Pass

    {


    CGPROGRAM

    #pragma vertex vert

    #pragma fragment frag

    #pragma fragmentoption ARB_precision_hint_fastest

    #include "UnityCG.cginc"


    struct appdata_t{

    float4 vertex   : POSITION;

    float4 color    : COLOR;

    float2 texcoord : TEXCOORD0;

    };


    struct v2f

    {

    float2 texcoord  : TEXCOORD0;

    float4 vertex   : SV_POSITION;

    float4 color    : COLOR;

    };


    sampler2D _MainTex;

    float _SpriteFade;

    sampler2D _NewTex_2;

    sampler2D _NewTex_3;

    float _MaskChannel_Fade_1;

    float AnimatedTwistUV_AnimatedTwistUV_Bend_1;

    float AnimatedTwistUV_AnimatedTwistUV_PosX_1;

    float AnimatedTwistUV_AnimatedTwistUV_PosY_1;

    float AnimatedTwistUV_AnimatedTwistUV_Radius_1;

    float AnimatedTwistUV_AnimatedTwistUV_Speed_1;

    sampler2D _NewTex_1;

    float _Add_Fade_1;


    v2f vert(appdata_t IN)

    {

    v2f OUT;

    OUT.vertex = UnityObjectToClipPos(IN.vertex);

    OUT.texcoord = IN.texcoord;

    OUT.color = IN.color;

    return OUT;

    }



    float2 AnimatedTwistUV(float2 uv, float value, float posx, float posy, float radius,
    float speed)

    {

    float2 center = float2(posx, posy);

    float2 tc = uv - center;

    float dist = length(tc);

    if (dist < radius)

    {

    float percent = (radius - dist) / radius;

    float theta = percent * percent * 16.0 * sin(value);

    float s = sin(theta + _Time.y * speed);

    float c = cos(theta + _Time.y * speed);

    tc = float2(dot(tc, float2(c, -s)), dot(tc, float2(s, c)));

    }

    tc += center;

    return tc;

    }

    float4 frag (v2f i) : COLOR

    {

    float4 NewTex_2 = tex2D(_NewTex_2, i.texcoord);

    float4 NewTex_3 = tex2D(_NewTex_3, i.texcoord);

    float4 RGBASplit_1 = NewTex_3;

    NewTex_2.a = lerp(RGBASplit_1.a * NewTex_2.a, (1 - RGBASplit_1.a) * NewTex_2.a,_MaskChannel_Fade_1);

    float2 AnimatedTwistUV_1 = AnimatedTwistUV(i.texcoord,AnimatedTwistUV_AnimatedTwistUV_Bend_1,AnimatedTwistUV_AnimatedTwistUV_PosX_1,AnimatedTwistUV_AnimatedTwistUV_PosY_1,AnimatedTwistUV_AnimatedTwistUV_Radius_1,AnimatedTwistUV_AnimatedTwistUV_Speed_1);

    float4 NewTex_1 = tex2D(_NewTex_1,AnimatedTwistUV_1);

    NewTex_2 = lerp(NewTex_2,NewTex_2*NewTex_2.a + NewTex_1*NewTex_1.a,_Add_Fade_1
    * NewTex_2.a);

    float4 FinalResult = NewTex_2;

    FinalResult.rgb *= i.color.rgb;

    FinalResult.a = FinalResult.a * _SpriteFade * i.color.a;

    return FinalResult;

    }


    ENDCG

    }

    }

    Fallback "Sprites/Default"

    }

'
  backpreview: 0
  ShaderString: Shadero Previews/PreviewXATXQ2
--- !u!114 &114739354230593386
MonoBehaviour:
  m_ObjectHideFlags: 1
  m_CorrespondingSourceObject: {fileID: 0}
  m_PrefabInternal: {fileID: 0}
  m_GameObject: {fileID: 0}
  m_Enabled: 1
  m_EditorHideFlags: 0
  m_Script: {fileID: 11500000, guid: 4caff27366054dd44a30ddb5be369acc, type: 3}
  m_Name: RGBA
  m_EditorClassIdentifier: 
  body: {fileID: 114687035995215344}
  side: 4
  sidePosition: 52.5
  sideOffset: 0
  connection: {fileID: 114639982114707236}
  typeID: SuperFloat4
--- !u!114 &114773629093418634
MonoBehaviour:
  m_ObjectHideFlags: 1
  m_CorrespondingSourceObject: {fileID: 0}
  m_PrefabInternal: {fileID: 0}
  m_GameObject: {fileID: 0}
  m_Enabled: 1
  m_EditorHideFlags: 0
  m_Script: {fileID: 11500000, guid: 4caff27366054dd44a30ddb5be369acc, type: 3}
  m_Name: G
  m_EditorClassIdentifier: 
  body: {fileID: 114582688962262342}
  side: 4
  sidePosition: 73.5
  sideOffset: 0
  connection: {fileID: 114384417913091582}
  typeID: SuperFloat
--- !u!114 &114777129127389170
MonoBehaviour:
  m_ObjectHideFlags: 1
  m_CorrespondingSourceObject: {fileID: 0}
  m_PrefabInternal: {fileID: 0}
  m_GameObject: {fileID: 0}
  m_Enabled: 1
  m_EditorHideFlags: 0
  m_Script: {fileID: 11500000, guid: c27b9a5c05a327b429e00e673cb560ea, type: 3}
  m_Name: New Texture
  m_EditorClassIdentifier: 
  rect:
    serializedVersion: 2
    x: -706.60004
    y: 192.6
    width: 150
    height: 210
  nodeKnobs:
  - {fileID: 114225492574713898}
  - {fileID: 114287578560604374}
  Inputs:
  - {fileID: 114225492574713898}
  Outputs:
  - {fileID: 114287578560604374}
  tex: {fileID: 2800000, guid: 35f4a537ebf629a48a8f616a0d9501ee, type: 3}
  MemoCount: 1
--- !u!114 &114786793932133332
MonoBehaviour:
  m_ObjectHideFlags: 1
  m_CorrespondingSourceObject: {fileID: 0}
  m_PrefabInternal: {fileID: 0}
  m_GameObject: {fileID: 0}
  m_Enabled: 1
  m_EditorHideFlags: 0
  m_Script: {fileID: 11500000, guid: 249c474a0f376e347b21f714f43f3a15, type: 3}
  m_Name: 'RGBA

    2 Channels'
  m_EditorClassIdentifier: 
  rect:
    serializedVersion: 2
    x: -883.3996
    y: -193.20073
    width: 130
    height: 140
  nodeKnobs:
  - {fileID: 114677796731502206}
  - {fileID: 114294313056126842}
  - {fileID: 114964518425018820}
  - {fileID: 114021614317056768}
  - {fileID: 114198054684003150}
  Inputs:
  - {fileID: 114677796731502206}
  Outputs:
  - {fileID: 114294313056126842}
  - {fileID: 114964518425018820}
  - {fileID: 114021614317056768}
  - {fileID: 114198054684003150}
  Variable: 1
  MemoCount: 1
--- !u!114 &114795980325867514
MonoBehaviour:
  m_ObjectHideFlags: 1
  m_CorrespondingSourceObject: {fileID: 0}
  m_PrefabInternal: {fileID: 0}
  m_GameObject: {fileID: 0}
  m_Enabled: 1
  m_EditorHideFlags: 0
  m_Script: {fileID: 11500000, guid: 4caff27366054dd44a30ddb5be369acc, type: 3}
  m_Name: RGBA
  m_EditorClassIdentifier: 
  body: {fileID: 114736356660536414}
  side: 4
  sidePosition: 52.5
  sideOffset: 0
  connection: {fileID: 114994322558341296}
  typeID: SuperFloat4
--- !u!114 &114805877224828184
MonoBehaviour:
  m_ObjectHideFlags: 1
  m_CorrespondingSourceObject: {fileID: 0}
  m_PrefabInternal: {fileID: 0}
  m_GameObject: {fileID: 0}
  m_Enabled: 1
  m_EditorHideFlags: 0
  m_Script: {fileID: 11500000, guid: 42e7026d0da7df848ab67d517ac12d74, type: 3}
  m_Name: RGBA
  m_EditorClassIdentifier: 
  body: {fileID: 114462827812670118}
  side: 2
  sidePosition: 52.5
  sideOffset: 0
  connections:
  - {fileID: 114677796731502206}
  typeID: SuperFloat4
  calculationBlockade: 0
--- !u!114 &114812414591085434
MonoBehaviour:
  m_ObjectHideFlags: 1
  m_CorrespondingSourceObject: {fileID: 0}
  m_PrefabInternal: {fileID: 0}
  m_GameObject: {fileID: 0}
  m_Enabled: 1
  m_EditorHideFlags: 0
  m_Script: {fileID: 11500000, guid: 42e7026d0da7df848ab67d517ac12d74, type: 3}
  m_Name: RGBA
  m_EditorClassIdentifier: 
  body: {fileID: 114736356660536414}
  side: 2
  sidePosition: 52.5
  sideOffset: 0
  connections:
  - {fileID: 114403497213343524}
  typeID: SuperFloat4
  calculationBlockade: 0
--- !u!114 &114827820421158760
MonoBehaviour:
  m_ObjectHideFlags: 1
  m_CorrespondingSourceObject: {fileID: 0}
  m_PrefabInternal: {fileID: 0}
  m_GameObject: {fileID: 0}
  m_Enabled: 1
  m_EditorHideFlags: 0
  m_Script: {fileID: 11500000, guid: 4caff27366054dd44a30ddb5be369acc, type: 3}
  m_Name: UV
  m_EditorClassIdentifier: 
  body: {fileID: 114945273944473756}
  side: 4
  sidePosition: 52.5
  sideOffset: 0
  connection: {fileID: 0}
  typeID: SuperFloat2
--- !u!114 &114828820933660276
MonoBehaviour:
  m_ObjectHideFlags: 1
  m_CorrespondingSourceObject: {fileID: 0}
  m_PrefabInternal: {fileID: 0}
  m_GameObject: {fileID: 0}
  m_Enabled: 1
  m_EditorHideFlags: 0
  m_Script: {fileID: 11500000, guid: 4caff27366054dd44a30ddb5be369acc, type: 3}
  m_Name: RGBA
  m_EditorClassIdentifier: 
  body: {fileID: 114840169594492380}
  side: 4
  sidePosition: 52.5
  sideOffset: 0
  connection: {fileID: 114510787913182636}
  typeID: SuperFloat4
--- !u!114 &114840169594492380
MonoBehaviour:
  m_ObjectHideFlags: 1
  m_CorrespondingSourceObject: {fileID: 0}
  m_PrefabInternal: {fileID: 0}
  m_GameObject: {fileID: 0}
  m_Enabled: 1
  m_EditorHideFlags: 0
  m_Script: {fileID: 11500000, guid: 245ba0f541aeffa4abb5938641b07509, type: 3}
  m_Name: Preview Texture
  m_EditorClassIdentifier: 
  rect:
    serializedVersion: 2
    x: 30.00061
    y: -543.6007
    width: 168
    height: 253
  nodeKnobs:
  - {fileID: 114828820933660276}
  - {fileID: 114495755550654746}
  Inputs:
  - {fileID: 114828820933660276}
  Outputs:
  - {fileID: 114495755550654746}
  result: '//////////////////////////////////////////////////////////////

    /// Shadero Sprite: Sprite Shader Editor - by VETASOFT 2018 //

    /// Shader generate with Shadero 1.9.0                      //

    /// http://u3d.as/V7t #AssetStore                           //

    /// http://www.shadero.com #Docs                            //

    //////////////////////////////////////////////////////////////


    Shader "Shadero Previews/PreviewXATXQ3"

    {

    Properties

    {

    [PerRendererData] _MainTex("Sprite Texture", 2D) = "white" {}

    _NewTex_2("NewTex_2(RGB)", 2D) = "white" { }

    _SpriteFade("SpriteFade", Range(0, 1)) = 1.0


    // required for UI.Mask

    [HideInInspector]_StencilComp("Stencil Comparison", Float) = 8

    [HideInInspector]_Stencil("Stencil ID", Float) = 0

    [HideInInspector]_StencilOp("Stencil Operation", Float) = 0

    [HideInInspector]_StencilWriteMask("Stencil Write Mask", Float) = 255

    [HideInInspector]_StencilReadMask("Stencil Read Mask", Float) = 255

    [HideInInspector]_ColorMask("Color Mask", Float) = 15


    }


    SubShader

    {


    Tags {"Queue" = "Transparent" "IgnoreProjector" = "true" "RenderType" = "Transparent"
    "PreviewType"="Plane" "CanUseSpriteAtlas"="True" }

    ZWrite Off Blend SrcAlpha OneMinusSrcAlpha Cull Off


    // required for UI.Mask

    Stencil

    {

    Ref [_Stencil]

    Comp [_StencilComp]

    Pass [_StencilOp]

    ReadMask [_StencilReadMask]

    WriteMask [_StencilWriteMask]

    }


    Pass

    {


    CGPROGRAM

    #pragma vertex vert

    #pragma fragment frag

    #pragma fragmentoption ARB_precision_hint_fastest

    #include "UnityCG.cginc"


    struct appdata_t{

    float4 vertex   : POSITION;

    float4 color    : COLOR;

    float2 texcoord : TEXCOORD0;

    };


    struct v2f

    {

    float2 texcoord  : TEXCOORD0;

    float4 vertex   : SV_POSITION;

    float4 color    : COLOR;

    };


    sampler2D _MainTex;

    float _SpriteFade;

    sampler2D _NewTex_2;


    v2f vert(appdata_t IN)

    {

    v2f OUT;

    OUT.vertex = UnityObjectToClipPos(IN.vertex);

    OUT.texcoord = IN.texcoord;

    OUT.color = IN.color;

    return OUT;

    }



    float2 AnimatedTwistUV(float2 uv, float value, float posx, float posy, float radius,
    float speed)

    {

    float2 center = float2(posx, posy);

    float2 tc = uv - center;

    float dist = length(tc);

    if (dist < radius)

    {

    float percent = (radius - dist) / radius;

    float theta = percent * percent * 16.0 * sin(value);

    float s = sin(theta + _Time.y * speed);

    float c = cos(theta + _Time.y * speed);

    tc = float2(dot(tc, float2(c, -s)), dot(tc, float2(s, c)));

    }

    tc += center;

    return tc;

    }

    float4 frag (v2f i) : COLOR

    {

    float4 NewTex_2 = tex2D(_NewTex_2, i.texcoord);

    float4 RGBASplit_2 = NewTex_2;

    float4 SplitRGBA_1 = float4(RGBASplit_2.r,RGBASplit_2.g,RGBASplit_2.b,1);

    float4 FinalResult = SplitRGBA_1;

    FinalResult.rgb *= i.color.rgb;

    FinalResult.a = FinalResult.a * _SpriteFade * i.color.a;

    return FinalResult;

    }


    ENDCG

    }

    }

    Fallback "Sprites/Default"

    }

'
  backpreview: 0
  ShaderString: Shadero Previews/PreviewXATXQ3
--- !u!114 &114938058007929156
MonoBehaviour:
  m_ObjectHideFlags: 1
  m_CorrespondingSourceObject: {fileID: 0}
  m_PrefabInternal: {fileID: 0}
  m_GameObject: {fileID: 0}
  m_Enabled: 1
  m_EditorHideFlags: 0
  m_Script: {fileID: 11500000, guid: ee424d0ee49c7cc4d9d954a8b241a235, type: 3}
  m_Name: Add = A with B
  m_EditorClassIdentifier: 
  rect:
    serializedVersion: 2
    x: 3.800457
    y: 110.799286
    width: 172
    height: 290
  nodeKnobs:
  - {fileID: 114710477621952064}
  - {fileID: 114014200149994358}
  - {fileID: 114994322558341296}
  Inputs:
  - {fileID: 114710477621952064}
  - {fileID: 114014200149994358}
  Outputs:
  - {fileID: 114994322558341296}
  Variable: 0.2
  parametersOK: 1
  Include_RGBA_Alpha: 1
  Include_RGBA_Alpha2: 0
  MemoCount: 1
--- !u!114 &114945273944473756
MonoBehaviour:
  m_ObjectHideFlags: 1
  m_CorrespondingSourceObject: {fileID: 0}
  m_PrefabInternal: {fileID: 0}
  m_GameObject: {fileID: 0}
  m_Enabled: 1
  m_EditorHideFlags: 0
  m_Script: {fileID: 11500000, guid: c27b9a5c05a327b429e00e673cb560ea, type: 3}
  m_Name: New Texture
  m_EditorClassIdentifier: 
  rect:
    serializedVersion: 2
    x: -1222.7999
    y: -517.19995
    width: 150
    height: 210
  nodeKnobs:
  - {fileID: 114827820421158760}
  - {fileID: 114280250572737454}
  Inputs:
  - {fileID: 114827820421158760}
  Outputs:
  - {fileID: 114280250572737454}
  tex: {fileID: 2800000, guid: 4aa74d68bb88edd43bcf0e0609538e04, type: 3}
  MemoCount: 2
--- !u!114 &114951036644461206
MonoBehaviour:
  m_ObjectHideFlags: 1
  m_CorrespondingSourceObject: {fileID: 0}
  m_PrefabInternal: {fileID: 0}
  m_GameObject: {fileID: 0}
  m_Enabled: 1
  m_EditorHideFlags: 0
  m_Script: {fileID: 11500000, guid: 42e7026d0da7df848ab67d517ac12d74, type: 3}
  m_Name: RGBA
  m_EditorClassIdentifier: 
  body: {fileID: 114062038945509054}
  side: 2
  sidePosition: 102.5
  sideOffset: 0
  connections:
  - {fileID: 114386721894863452}
  typeID: SuperFloat4
  calculationBlockade: 0
--- !u!114 &114964518425018820
MonoBehaviour:
  m_ObjectHideFlags: 1
  m_CorrespondingSourceObject: {fileID: 0}
  m_PrefabInternal: {fileID: 0}
  m_GameObject: {fileID: 0}
  m_Enabled: 1
  m_EditorHideFlags: 0
  m_Script: {fileID: 11500000, guid: 42e7026d0da7df848ab67d517ac12d74, type: 3}
  m_Name: G
  m_EditorClassIdentifier: 
  body: {fileID: 114786793932133332}
  side: 2
  sidePosition: 73.5
  sideOffset: 0
  connections: []
  typeID: SuperFloat
  calculationBlockade: 0
--- !u!114 &114994322558341296
MonoBehaviour:
  m_ObjectHideFlags: 1
  m_CorrespondingSourceObject: {fileID: 0}
  m_PrefabInternal: {fileID: 0}
  m_GameObject: {fileID: 0}
  m_Enabled: 1
  m_EditorHideFlags: 0
  m_Script: {fileID: 11500000, guid: 42e7026d0da7df848ab67d517ac12d74, type: 3}
  m_Name: RGBA
  m_EditorClassIdentifier: 
  body: {fileID: 114938058007929156}
  side: 2
  sidePosition: 102.5
  sideOffset: 0
  connections:
  - {fileID: 114795980325867514}
  typeID: SuperFloat4
  calculationBlockade: 0
--- !u!114 &114997355937281708
MonoBehaviour:
  m_ObjectHideFlags: 1
  m_CorrespondingSourceObject: {fileID: 0}
  m_PrefabInternal: {fileID: 0}
  m_GameObject: {fileID: 0}
  m_Enabled: 1
  m_EditorHideFlags: 0
  m_Script: {fileID: 11500000, guid: 4caff27366054dd44a30ddb5be369acc, type: 3}
  m_Name: UV
  m_EditorClassIdentifier: 
  body: {fileID: 114462827812670118}
  side: 4
  sidePosition: 52.5
  sideOffset: 0
  connection: {fileID: 0}
  typeID: SuperFloat2
